AoeStats
← -GLAZ-

Arabia

509091291Analyzed
1v1 RM · 7d ago on Sep 25, 2026· 59m 39s· 2 players
Game mode
Random Map
Map size
Tiny (2 player)
Population
200
Speed
Normal
Resources
Standard
Victory
Conquest
Starting age
Dark Age
Ending age
Imperial Age
RankedLock teamsTeams togetherTeam positionsShared explorationLock speedFull tech treeHidden civsTurbo modeCheats
Victory
Defeat
🇨🇳 Franks · China
871
+18
🇷🇺 Goths · Russia
914
-18
269915077
8:51 Loom
11:06 Feudal Age
11:39 Double-Bit Axe
18:20 Castle Age
18:33 Fletching
20:45 Husbandry
21:25 Bow Saw
23:15 Gold Mining
26:08 Scale Barding Armor
27:08 Wheelbarrow
28:11 Chain Barding Armor
28:17 Treadmill Crane
28:30 Stone Mining
30:09 Forging
31:50 Hand Cart
33:20 Iron Casting
34:05 Masonry
34:07 Bodkin Arrow
36:14 Padded Archer Armor
40:36 Imperial Age
37:58 Town Watch
39:31 Gold Shaft Mining
39:23 Town Patrol
39:27 Murder Holes
40:27 Leather Archer Armor
40:20 Scale Mail Armor
42:27 Chemistry
41:33 Siege Engineers
42:39 Architecture
42:48 Plate Barding Armor
43:15 Blast Furnace
43:13 Conscription
42:59 Chivalry
42:42 Cavalier
45:29 Ballistics
46:11 Chain Mail Armor
45:34 Ordonnance Companies
48:41 Plate Mail Armor
47:38 Paladin
49:39 Fervor
50:42 Block Printing
51:05 Leather Archer Armor
51:37 Elite Throwing Axeman
52:55 Hoardings
53:07 Illumination
52:45 Devotion
53:29 Theocracy
55:16 Elite Throwing Axeman
56:16 Fortified Wall
56:59 Faith
-GLAZ-
12:11 Feudal Age
12:34 Horse Collar
12:40 Double-Bit Axe
16:27 Town Watch
16:53 Loom
19:19 Castle Age
17:56 Forging
17:46 Scale Mail Armor
18:49 Man-at-Arms
20:14 Heavy Plow
20:25 Bow Saw
19:37 Long Swordsman
20:18 Squires
21:16 Iron Casting
21:25 Pikeman
24:45 Squires
26:02 Chain Mail Armor
36:49 Stone Mining
42:04 Imperial Age
40:11 Wheelbarrow
39:22 Town Watch
39:51 Gold Mining
43:15 Crop Rotation
43:47 Two-Man Saw
43:16 Conscription
44:09 Perfusion
43:51 Two-Handed Swordsman
45:00 Champion
46:43 Blast Furnace
47:23 Conscription
48:36 Conscription
48:09 Halberdier
Connection lost

Rejoining the realm…

Still unreachable

The connection could not be restored.

Session expired

The server has moved on; the page needs a fresh start.